 Dungeon Crawl Stone Soup version 0.29.1-15-g9cfb28693d (webtiles) character file.

Game seed: 15092358569045119935

4741 croobank the Sneak (level 10, -2/65 HPs)
             Began as a Demonspawn Fire Elementalist on Apr 18, 2023.
             Was a Follower of Hepliaklqana.
             Killed from afar by Maurice (8 damage)
             ... with an iceblast
             ... on level 8 of the Dungeon.
             The game lasted 00:29:29 (11399 turns).

croobank the Sneak (Demonspawn Fire Elementalist)  Turns: 11399, Time: 00:29:29

Health: -2/65      AC:  6    Str: 12    XL:     10   Next: 22%
Magic:  15/17      EV: 17    Int: 20    God:    Hepliaklqana [*.....]
Gold:   393        SH:  0    Dex: 20    Spells: 12/18 levels left

rFire   + . .      SeeInvis .   a - +6 dagger of Muithubbor {protect, rPois rN++ Str+3}
rCold   + . .      Faith    .   (no shield)
rNeg    + + .      Spirit   .   V - +1 leather armour {rC+}
rPois   +          Reflect  .   G - +0 helmet
rElec   .          Harm     .   m - scarf {+Inv}
rCorr   .          Rampage  .   (no gloves)
Will    .....                   W - +0 pair of boots
Stlth   +++.......              Z - amulet of magic regeneration
HPRegen 0.20/turn               c - ring of protection from fire
MPRegen 0.55/turn               i - +6 ring of dexterity

@: on berserk cooldown, slowed, very slow
A: reduced essence, repulsion field 2, foul stench 1, demonic touch 1
a: Renounce Religion, Evoke Invisibility, Recall Ancestor, Ancestor Identity


You were on level 8 of the Dungeon.
You worshipped Hepliaklqana.
Hepliaklqana was aware of your devotion.
You visited 2 branches of the dungeon, and saw 9 of its levels.
You also visited: Sewer.

You collected 470 gold pieces.
You spent 77 gold pieces at shops.

Inventory:

Hand Weapons
 a - the +6 dagger of Muithubbor (weapon) {protect, rPois rN++ Str+3}
   (You found it in a sewer)

   It grants its wielder temporary protection when it strikes (+7 to AC).
   Str:       It affects your strength (+3).
   rPois:     It protects you from poison.
   rN:        It greatly protects you from negative energy.
 b - a +0 sling
 d - a +0 vorpal hand axe
 g - a +1 dagger of draining
 K - a +0 long sword
 P - a +2 antimagic hand axe
 S - a +4 dire flail
 T - a +4 morningstar of freezing
 X - a +4 short sword
 Y - a +1 scimitar of freezing
Missiles
 e - 2 throwing nets
 j - 2 curare-tipped darts
 v - 14 poisoned darts
Armour
 m - a scarf of invisibility (worn)
 n - a +3 ring mail of poison resistance
 y - a +0 kite shield
 G - a +0 helmet (worn)
 N - a +2 chain mail of fire resistance
 V - a +1 leather armour of cold resistance (worn)
 W - a +0 pair of boots (worn)
Jewellery
 c - a ring of protection from fire (left hand)
 f - a ring of ice
 i - a +6 ring of dexterity (right hand)
 E - a ring of see invisible
 Z - an amulet of magic regeneration (around neck)
Wands
 q - a wand of charming (13)
 t - a wand of iceblast (4)
 w - a wand of light (10)
 M - a wand of digging (5)
 R - a wand of flame (8)
Scrolls
 k - a scroll of silence
 r - a scroll of amnesia
 A - a scroll of fog
 H - a scroll of blinking
 L - 2 scrolls of teleportation
 Q - a scroll of poison
 U - a scroll of identify
Potions
 h - a potion of invisibility
 l - a potion of cancellation
 o - a potion of berserk rage
 p - a potion of curing
 s - 2 potions of brilliance
 x - a potion of might {unknown}
 z - 3 potions of haste {unknown}
 B - a potion of experience {unknown}
 C - 3 potions of mutation {unknown}
 D - 2 potions of magic
 F - 2 potions of ambrosia {unknown}
 I - a potion of flight {unknown}
 J - a potion of heal wounds
 O - a potion of degeneration {unknown}


   Skills:
 + Level 4.6 Fighting
 + Level 4.3 Armour
 + Level 4.8 Dodging
 + Level 5.4 Stealth
 + Level 4.8 Spellcasting
 + Level 4.9 Conjurations
 + Level 4.5 Hexes
 + Level 3.5 Translocations
 + Level 5.3 Fire Magic
 * Level 4.3 Invocations


You had 12 spell levels left.
You knew the following spells:

 Your Spells              Type           Power      Damage    Failure   Level
a - Foxfire               Conj/Fire      100%       2x1d9     1%          1
b - Scorch                Fire           52%        2d7       2%          2
c - Inner Flame           Hex/Fire       24%        N/A       6%          3

Your spell library contained the following spells:

 Spells                   Type           Power      Damage    Failure   Level
 Conjure Flame            Conj/Fire      25%        6-21      5%          3
 Portal Projectile        Hex/Tloc       42%        N/A       9%          3
 Gell's Gravitas          Tloc           18%        N/A       11%         3
 Teleport Other           Tloc           18%        N/A       11%         3
 Freeze                   Ice            16%        1d4       16%         1
 Summon Small Mammal      Summ           16%        N/A       16%         1
 Summon Guardian Golem    Hex/Summ       13%        N/A       19%         3
 Flame Wave               Conj/Fire      25%        2d8       19%         4
 Call Canine Familiar     Summ           4%         N/A       41%         3
 Frozen Ramparts          Ice            8%         1d2       41%         3
 Hailstorm                Conj/Ice       14%        3d5       47%         4
 Leda's Liquefaction      Hex/Erth       6%         N/A       52%         4
 Petrify                  Tmut/Erth      4%         N/A       83%         4
 Metabolic Englaciation   Hex/Ice        6%         N/A       86%         5
 Dispersal                Tloc           9%         N/A       99%         6
 Statue Form              Tmut/Erth      2%         N/A       100%        6


Dungeon Overview and Level Annotations

Branches:
Dungeon (8/15)             Temple (1/1) D:7            Lair (0/5) D:8
  Sewer (visited)

Altars:
Ashenzari
Cheibriados
Dithmenos
Fedhas
Gozag
Hepliaklqana
Kikubaaqudgha
Nemelex Xobeh
Okawaru
Qazlal
Ru
Sif Muna
Trog
Uskayaw
Vehumet
Wu Jian
Xom
Yredelemnul

Shops:
D:3 *

Annotations:
D:2 1 runed translucent door, Crazy Yiuf
D:8 Maurice


Innate Abilities, Weirdness & Mutations

Your life essence is reduced to manifest your ancestor. (-10% HP)
You are surrounded by a moderate repulsion field. (EV +3)
You may rarely emit foul miasma when damaged in melee.
Your touch may inflict minor irresistible damage on your foes.


Message History

You touch the wight!
The wight is severely damaged.
Casting: Scorch (safe; 2% risk of failure)
Confirm with . or Enter, or press ? or * to list all spells.
Flames lash the wight.
You destroy the wight!
Something hits you.
Something steals 1 of your 3 scrolls of teleportation!
The wight closely misses you.
You hear some strange, mumbled words.
The wight hits you but does no damage.
Casting: Scorch (safe; 2% risk of failure)
Confirm with . or Enter, or press ? or * to list all spells.
Flames lash the wight.
You destroy the wight!
Items here: ))))) [[[[ †††††.
Okay, then.
You hear a zap.
An iceblast appears from out of thin air!
The mass of ice explodes!
The iceblast engulfs you! You partially resist.
You hear a zap.
An iceblast appears from out of thin air!
The mass of ice explodes!
The iceblast engulfs you. You partially resist.
Casting: Scorch (safe; 2% risk of failure)
Confirm with . or Enter, or press ? or * to list all spells.
Flames lash something.
Zorana emerges from the mists of memory!
You hear a zap.
An iceblast appears from out of thin air!
The mass of ice explodes!
The iceblast engulfs you! You partially resist.
* * * LOW HITPOINT WARNING * * *
Casting: Scorch (safe; 2% risk of failure)
Confirm with . or Enter, or press ? or * to list all spells.
Flames lash something.
Something hits you.
* * * LOW HITPOINT WARNING * * *
Something steals your +6 club!
Zorana hits something!
You hear a zap.
An iceblast appears from out of thin air!
The mass of ice explodes!
The iceblast engulfs you! You partially resist.
You die...

... ... ... #### #.#
###..## #.####.....#
##.##.......#
##..#........######
#............{@.))#
##...........R####)#
##.............# #.).#
#...#..........##.....#
#..##..........#.......#
..####........##.......#
..## #.......##.........
...# #.......##.........#
...###.............>.....


You could see the friendly Zorana the ancestor.

Vanquished Creatures
  A komodo dragon (D:8)
  Grinder (D:6)
  Sigmund (D:6)
  Eustachio (D:6)
  A steam dragon (D:8)
  2 wargs (D:8)
  2 water moccasins
  An orc warrior (D:7)
  A black bear (D:7)
  3 ice beasts
  3 sky beasts
  2 ogres
  A phantom (D:5)
  4 kobold brigands
  4 bullfrogs
  A scorpion (D:4)
  3 necrophages
  11 wights
  A howler monkey (D:5)
  3 hounds
  3 jellies
  8 orc priests
  Jessica (D:2)
  Ijyb (D:3)
  4 iguanas
  9 orc wizards
  Terence (D:2)
  Robin (D:4)
  7 adders
  An ufetubus (D:5)
  2 worms
  A dart slug (D:5)
  36 orcs
  8 ball pythons
  8 bats
  10 endoplasms
  7 giant cockroaches
  16 goblins
  5 hobgoblins
  13 jackals
  7 quokkas
  8 frilled lizards
  18 kobolds
  3 rats
225 creatures vanquished.

Vanquished Creatures (collateral kills)
  7 foxfires
7 creatures vanquished.

Vanquished Creatures (others)
  An ancestor (D:8)
  471 foxfires
  4 fungi
  9 plants
485 creatures vanquished.

Grand Total: 717 creatures vanquished

Notes
Turn   | Place    | Note
-------+----------+-------------------------------------------
     0 | D:1      | croobank the Demonspawn Fire Elementalist began the quest
                  | for the Orb.
     0 | D:1      | Reached XP level 1. HP: 13/13 MP: 3/3
    84 | D:1      | You fall into a shaft and drop 1 floor!
   316 | D:1      | Gained mutation: You are surrounded by a mild repulsion
                  | field. (EV +2) [demonic ancestry]
   316 | D:1      | Reached XP level 2. HP: 15/19 MP: 3/5
   319 | D:1      | Learned a level 2 spell: Scorch
  1179 | D:2      | Found a sparkling altar of Nemelex Xobeh.
  1355 | D:2      | Noticed Jessica
  1367 | D:2      | Killed Jessica
  1368 | D:2      | Reached XP level 3. HP: 25/25 MP: 0/6
  1538 | D:2      | Found a runed translucent door.
  1539 | D:2      | Noticed Crazy Yiuf
  1603 | D:2      | Noticed Terence
  1639 | D:2      | Killed Terence
  1640 | D:2      | Reached XP level 4. HP: 31/31 MP: 1/7
  1801 | D:2      | Learned a level 3 spell: Inner Flame
  2064 | D:2      | Reached skill level 1 in Armour
  2173 | D:2      | Reached skill level 1 in Fighting
  2469 | D:3      | Found an ancient bone altar of Kikubaaqudgha.
  2515 | D:3      | Noticed a sky beast
  2524 | D:3      | Killed a sky beast
  2525 | D:3      | Gained mutation: Your touch may inflict minor irresistible
                  | damage on your foes. [demonic ancestry]
  2525 | D:3      | Reached XP level 5. HP: 9/37 MP: 3/8
  2758 | D:3      | Found Exzymo's General Store.
  2805 | D:3      | Bought a scroll of identify for 22 gold pieces
  2805 | D:3      | Bought a potion of heal wounds for 55 gold pieces
  2828 | D:3      | Reached skill level 1 in Hexes
  3057 | D:3      | Noticed Ijyb
  3063 | D:3      | Killed Ijyb
  3507 | D:3      | Found a basalt altar of Yredelemnul.
  4022 | D:3      | Reached XP level 6. HP: 42/44 MP: 10/10
  4111 | D:4      | Found a glowing drain.
  4120 | Sewer    | Entered a sewer
  4261 | Sewer    | Identified the +6 dagger of Muithubbor {protect, rPois rN++
                  | Str+3}
  4899 | D:4      | Gained mutation: You are surrounded by a moderate repulsion
                  | field. (EV +3) [demonic ancestry]
  4899 | D:4      | Reached XP level 7. HP: 50/50 MP: 7/11
  5710 | D:4      | Noticed Robin
  5722 | D:4      | Killed Robin
  6112 | D:5      | Entered Level 5 of the Dungeon
  6517 | D:5      | Found a snail-covered altar of Cheibriados.
  6536 | D:5      | Reached skill level 1 in Translocations
  6680 | D:5      | Gained mutation: You may rarely emit foul miasma when
                  | damaged in melee. [demonic ancestry]
  6680 | D:5      | Reached XP level 8. HP: 45/57 MP: 5/13
  7734 | D:6      | Noticed Grinder
  7757 | D:6      | Killed Grinder
  8127 | D:6      | Found an ornate altar of the Wu Jian Council.
  8417 | D:6      | Reached XP level 9. HP: 65/65 MP: 7/15
  8588 | D:6      | Found a hide-covered altar of Uskayaw.
  8626 | D:6      | Noticed Eustachio
  8637 | D:6      | Killed Eustachio
  8944 | D:6      | Noticed Sigmund
  8954 | D:6      | Killed Sigmund
  9448 | D:7      | Found a staircase to the Ecumenical Temple.
  9458 | Temple   | Entered the Ecumenical Temple
  9511 | Temple   | Became a worshipper of Hepliaklqana the Forgotten
  9646 | D:7      | Reached skill level 1 in Invocations
  9885 | D:7      | Reached skill level 5 in Stealth
  9948 | D:7      | Reached skill level 5 in Fire Magic
 10044 | D:7      | Found an opulent altar of Gozag.
 11112 | D:8      | Reached * piety under Hepliaklqana
 11237 | D:8      | Reached XP level 10. HP: 65/65 MP: 14/17
 11288 | D:8      | Found a broken altar of Ashenzari.
 11364 | D:8      | Noticed Maurice
 11385 | D:8      | Found a staircase to the Lair.
 11399 | D:8      | Killed from afar by Maurice

Illustrated notes

Levels and vault maps discovered:
D:1:      mainiacjoe_arrival_reflecting_pool, layout_rooms
D:2:      layout_basic, basic_altar, minmay_tetromino_l2, uniq_terence,
          uniq_jessica, uniq_crazy_yiuf_cottage
D:3:      layout_basic, lemuel_crystal_altar, mainiacjoe_overflow_big_doors,
          serial_shops, nicolae_shop_waterfront, grunt_decor_junction, uniq_ijyb
D:4:      kennysheep_goblin_castle, layout_basic, portal_sewer_entry_f,
          grunt_decor_arrowhead
D:5:      layout_basic, mainiacjoe_overflow_boulevard
D:6:      layout_rooms, nicolae_elyvilon_temple_path, nicolae_uskayaw_suspiria,
          pdpol_wu_jian_five_deadly_venoms, uniq_sigmund, uniq_eustachio,
          uniq_grinder
D:7:      layout_cave_pods, mainiacjoe_overflow_24_doors,
          minmay_temple_entry_tees, kennysheep_cross_bottleneck
D:8:      layout_cave_pods, mainiacjoe_overflow_six_doors_small,
          erik_lair_orcish_takeover, nicolae_diode_basic, uniq_maurice
Temple:   nicolae_temple_bog_church

Skill      XL: |  1  2  3  4  5  6  7  8  9 10 |
---------------+-------------------------------+-----
Stealth        | 2 3 4 5 |  5.4
Dodging        | 2 3 4 |  4.8
Fire Magic     | 3 4 5 |  5.3
Armour         | 1 2 3 4 |  4.3
Fighting       | 1 2 3 4 |  4.6
Conjurations   | 2 3 4 |  4.9
Hexes          | 1 2 3 4 |  4.5
Spellcasting   | 3 4 |  4.8
Translocations | 1 2 3 |  3.5
Invocations    | 3 4 |  4.3

Action                   |  1- 3 |  4- 6 |  7- 9 | 10-12 || total
-------------------------+-------+-------+-------+-------++-------
Melee: Hand axe          |     3 |    14 |       |       ||    17
       Club              |       |    20 |       |       ||    20
       Touch             |       |     4 |    12 |    10 ||    26
       Punch             |       |     1 |     1 |       ||     2
       Dagger            |       |     1 |    80 |    34 ||   115
       Dire flail        |       |       |     4 |       ||     4
 Cast: Foxfire           |    25 |    62 |   189 |       ||   276
       Scorch            |    14 |    35 |    97 |    12 ||   158
       Inner Flame       |       |     1 |       |       ||     1
Evoke: Wand              |       |       |     2 |       ||     2
  Use: Scroll            |     4 |     4 |     8 |       ||    16
       Potion            |       |     2 |     1 |     2 ||     5
 Stab: Sleeping          |       |     1 |       |       ||     1
       Distracted        |       |       |     1 |       ||     1
Armor: Robe              |     2 |     5 |       |       ||     7
       Leather armour    |       |     2 |    27 |     8 ||    37
Dodge: Dodged            |    10 |    63 |    69 |    24 ||   166
